 Dungeon Crawl Stone Soup version 0.30-a0-737-gf23d94013f (webtiles) character file.

Game seed: 13473036482925871350

7296 SensoryNuts the Severer (level 11, -2/94 HPs)
             Began as a Hill Orc Fighter on Dec 15, 2022.
             Was a Believer of Beogh.
             Killed by divine providence
             ... invoked by an orc priest
              (15 damage)
             ... on level 10 of the Dungeon on Feb 1, 2023.
             The game lasted 00:12:11 (8828 turns).

SensoryNuts the Severer (Hill Orc Fighter)          Turns: 8828, Time: 00:12:12

Health: -2/94      AC:  8    Str: 24    XL:     11   Next: 13%
Magic:  11/11      EV: 13    Int:  8    God:    Beogh [**....]
Gold:   490        SH: 14    Dex: 16    Spells: 10/10 levels left

rFire   . . .      SeeInvis .    a - +1 war axe
rCold   . . .      Faith    .    s - +3 kite shield
rNeg    . . .      Spirit   .    w - +0 troll leather armour
rPois   .          Reflect  .    g - +0 helmet
rElec   .          Harm     .    (no cloak)
rCorr   .          Rampage  .    l - +1 pair of gloves
Will    .....                    (no boots)
Stlth   +                        k - amulet of regeneration
HPRegen 1.95/turn                m - +6 ring of dexterity
MPRegen 0.12/turn                (no ring)

@: lethally poisoned (-2 -> -2), studying Dodging
A: no striking features
a: Renounce Religion, Smiting


You were on level 10 of the Dungeon.
You worshipped Beogh.
Beogh was pleased with you.
You visited 2 branches of the dungeon, and saw 11 of its levels.

You collected 490 gold pieces.

Inventory:

Hand Weapons
 a - a +1 war axe (weapon)
Missiles
 z - a throwing net (quivered)
Armour
 b - a +0 scale mail
 g - a +0 helmet (worn)
 l - a +1 pair of gloves (worn)
 s - a +3 kite shield (worn)
 w - a +0 troll leather armour (worn)
Jewellery
 k - an amulet of regeneration (around neck)
 m - a +6 ring of dexterity (left hand)
 n - the amulet of the Madman {RegenMP Dex+4 Stlth+}
   (You found it on level 4 of the Dungeon)

   [amulet of magic regeneration]

   It increases your rate of magic regeneration.
   Dex:       It affects your dexterity (+4).
   Stlth:     It makes you more stealthy.
 o - a ring of wizardry
 v - a ring of magical power
 A - a ring of see invisible
 C - an amulet of guardian spirit
Wands
 q - a wand of mindburst (14)
 t - a wand of roots (22)
 x - a wand of paralysis (11)
Scrolls
 c - a scroll of fog
 f - a scroll of teleportation
 r - 2 scrolls of blinking
 u - a scroll of poison
 y - 2 scrolls of magic mapping
 E - 3 scrolls of noise {unknown}
Potions
 d - a potion of mutation
 e - a potion of cancellation
 h - 12 potions of curing
 i - a potion of lignification
 j - a potion of degeneration {unknown}
 p - a potion of invisibility
 B - a potion of berserk rage {unknown}
 D - a potion of brilliance {unknown}
 F - a potion of haste


   Skills:
 + Level 7.8 Fighting
 * Level 15.8 Axes
 + Level 6.5 Armour
 + Level 5.8 Dodging
 + Level 0.3 Stealth
 + Level 8.1 Shields


You had 10 spell levels left.
You didn't know any spells.
Your spell library contained the following spells:

 Spells                   Type           Power      Damage    Failure   Level
 Magic Dart               Conj           0%         1d3       77%         1
 Cigotuvi's Dreadful Rot  Necr/Pois/Air  0%         N/A       88%         2
 Poisonous Vapours        Pois/Air       0%         N/A       88%         2
 Searing Ray              Conj           0%         2d4       88%         2
 Mephitic Cloud           Conj/Pois/Air  0%         N/A       98%         3
 Portal Projectile        Hex/Tloc       0%         N/A       98%         3
 Summon Guardian Golem    Hex/Summ       0%         N/A       98%         3
 Tukima's Dance           Hex            0%         N/A       98%         3
 Animate Dead             Necr           0%         N/A       100%        4
 Fulminant Prism          Conj/Hex       0%         3d5       100%        4
 Blade Hands              Tmut           0%         N/A       100%        5
 Haunt                    Necr/Summ      0%         N/A       100%        7
 Orb of Destruction       Conj           0%         9d5       100%        7
 Spellforged Servitor     Conj/Summ      0%         N/A       100%        7
 Infestation              Necr           0%         N/A       100%        8


Dungeon Overview and Level Annotations

Branches:
Dungeon (10/15)            Temple (0/1) D:7            Lair (1/5) D:8
    Orc: D:9-12

Altars:
Dithmenos
Elyvilon
Okawaru
Ru
Sif Muna
Zin

Shops:
D:5 (?:   D:6 !

Annotations:
D:7 2 transporters


Message History

You are too injured to fight recklessly!
You are too injured to fight recklessly!
You are too injured to fight recklessly!
You are too injured to fight recklessly!
You are too injured to fight recklessly!
You are too injured to fight recklessly!
You are too injured to fight recklessly!
You are too injured to fight recklessly!
You are too injured to fight recklessly!
You are too injured to fight recklessly!
Unknown command.
The orc shouts!
You slash the orc warrior!
The orc warrior is severely wounded.
You slash the orc warrior! You closely miss something.
Something barely misses you.
The orc throws a boomerang.
The orc warrior hits you with a +0 battleaxe of venom!
* * * LOW HITPOINT WARNING * * *
You are poisoned.
The orc wizard mumbles some strange words.
The orc wizard flickers and vanishes!
You block the orc warrior's attack. Something hits you but does no damage.
You feel very sick.
The orc warrior attacks as you move away!
The orc warrior closely misses you.
You feel very sick.
You feel sick.
The orc warrior attacks as you move away!
The orc warrior closely misses you.
You feel sick.
The orc warrior attacks as you move away!
You block the orc warrior's attack.
You feel sick.
The orc warrior attacks as you move away!
The orc warrior hits you with a +0 dire flail!
* * * LOW HITPOINT WARNING * * *
The orc warrior attacks as you move away!
The orc warrior barely misses you.
You feel sick.
The orc priest invokes the aid of Beogh against you.
Beogh smites you!
You die...
Beogh appreciates the orc priest's killing of a heretic priest.

.#.######## #......# ## .#.#
#.....##o..#. .#.# #...o....o...
)..# #...o#)....o. ...#
#..oo##o..o.. ...## #...o# #...#.
#...### ##.o.# #8## ..#...###
#..o# ## #### #####...###
#..@##########..####
..#####...####...##.............#
#...#####...##...##.............#
###...#####.....###.............#
###...#####.#.................#
###...###.#.......#######....
###...#.#....##.# #####
###...#....##.# ######
###.#######.# ......


You could see 3 orc warriors, an orc priest and 3 orcs.

Vanquished Creatures
  A two-headed ogre (D:8)
  2 polar bears (D:8)
  A troll (D:7)
  A hornet (D:9)
  2 shadows
  A wyvern (D:9)
  A wraith (D:10)
  A steam dragon (D:10)
  4 yaks
  6 ice beasts
  2 orc warriors
  3 sky beasts
  A black bear (D:8)
  3 ogres
  8 wolves
  3 centaurs
  A phantom (D:5)
  A kobold brigand (D:8)
  2 bullfrogs
  A gnoll sergeant (D:10)
  4 scorpions
  13 wights
  2 howler monkeys
  2 electric eels (D:8)
  A wyvern simulacrum (D:8)
  2 hounds
  A jelly (D:6)
  5 orc priests
  A gnoll bouda (D:5)
  2 iguanas
  5 orc wizards
  A killer bee simulacrum (D:8)
  12 gnolls
  8 adders
  A shadow imp (D:7)
  2 white imps (D:8)
  3 howler monkey simulacra (D:8)
  2 ufetubi (D:8)
  4 worms
  4 dart slugs
  44 orcs
  12 endoplasms
  6 giant cockroaches
  6 hobgoblins
  11 jackals
  8 quokkas
  8 ball pythons
  9 bats
  3 frilled lizards (D:1)
  8 goblins
  7 kobolds
  5 rats
247 creatures vanquished.

Vanquished Creatures (others)
  An orc warrior (D:8)
  A black bear (D:8)
  An orc priest (D:8)
  8 fungi (D:8)
  9 plants
20 creatures vanquished.

Grand Total: 267 creatures vanquished

Notes
Turn   | Place    | Note
-------+----------+-------------------------------------------
     0 | D:1      | SensoryNuts the Hill Orc Fighter began the quest for the
                  | Orb.
     0 | D:1      | Reached XP level 1. HP: 19/19 MP: 1/1
    85 | D:1      | Reached XP level 2. HP: 22/27 MP: 2/2
    87 | D:1      | Reached skill level 3 in Axes
   396 | D:1      | Reached XP level 3. HP: 31/33 MP: 3/3
   468 | D:1      | Found a faded altar of an unknown god.
   802 | D:2      | Identified the +5 spear of Beogh's Displeasure {vorpal,
                  | rElec rF- Will+ rCorr MP+9}
   919 | D:2      | Reached skill level 4 in Axes
   993 | D:2      | Reached XP level 4. HP: 16/40 MP: 4/4
  1796 | D:3      | Reached XP level 5. HP: 47/47 MP: 5/5
  1798 | D:3      | Reached skill level 5 in Axes
  2136 | D:3      | Reached skill level 6 in Axes
  2139 | D:3      | Reached skill level 1 in Dodging
  2400 | D:3      | Reached XP level 6. HP: 53/53 MP: 6/6
  2563 | D:3      | Found a sacrificial altar of Ru.
  3041 | D:4      | Identified the amulet of the Madman {RegenMP Dex+4 Stlth+}
  3163 | D:4      | Reached skill level 7 in Axes
  3473 | D:5      | Entered Level 5 of the Dungeon
  3478 | D:5      | Found Gawnum's Book Boutique.
  3522 | D:5      | Found a white marble altar of Elyvilon.
  3525 | D:5      | Found a shimmering blue altar of Sif Muna.
  3528 | D:5      | Found a shadowy altar of Dithmenos.
  3531 | D:5      | Found a glowing silver altar of Zin.
  3556 | D:5      | Reached XP level 7. HP: 60/60 MP: 7/7
  3630 | D:5      | Reached skill level 5 in Fighting
  3630 | D:5      | Reached skill level 8 in Axes
  3798 | D:5      | Reached skill level 9 in Axes
  3798 | D:5      | Reached XP level 8. HP: 53/68 MP: 8/8
  3850 | D:5      | Found Qolivek's Magic Scroll Shop.
  3869 | D:5      | Found Vicrel's Weapon Shop.
  3936 | D:5      | Reached skill level 5 in Armour
  4480 | D:5      | Upgraded the game from 0.30-a0-459-g9104f0fc43 to
                  | 0.30-a0-737-gf23d94013f
  4508 | D:6      | Reached skill level 10 in Axes
  4510 | D:6      | Found Dasuigi's Distillery.
  4720 | D:6      | Reached skill level 11 in Axes
  4735 | D:6      | Reached skill level 5 in Shields
  4735 | D:6      | Reached XP level 9. HP: 39/75 MP: 9/9
  5362 | D:7      | Reached skill level 12 in Axes
  5377 | D:7      | Noticed a troll
  5387 | D:7      | Killed a troll
  5401 | D:7      | Found a transporter.
  5541 | D:7      | Found a transporter.
  5653 | D:7      | Found a staircase to the Ecumenical Temple.
  5959 | D:8      | Noticed a polar bear
  5975 | D:8      | Killed a polar bear
  5976 | D:8      | Reached skill level 13 in Axes
  5994 | D:8      | Became a worshipper of Beogh the Brigand
  6367 | D:8      | Reached XP level 10. HP: 84/84 MP: 10/10
  6470 | D:8      | Reached skill level 14 in Axes
  7362 | D:8      | Found a staircase to the Lair.
  7403 | D:8      | Reached * piety under Beogh
  7408 | D:8      | Noticed a two-headed ogre
  7415 | D:8      | Killed a two-headed ogre
  7716 | D:9      | HP: 3/84 [something (26)]
  7754 | Lair:1   | Entered Level 1 of the Lair of Beasts
  7790 | Lair:1   | Reached skill level 15 in Axes
  7790 | Lair:1   | Reached skill level 5 in Dodging
  7801 | Lair:1   | HP: 4/86 [wolf (6)]
  7806 | Lair:1   | HP: 3/86 [wolf (1)]
  7981 | D:9      | Paralysed by a hornet for 3 turns
  7996 | D:9      | Reached XP level 11. HP: 59/92 MP: 11/11
  8119 | D:9      | Found an iron altar of Okawaru.
  8366 | D:10     | Entered Level 10 of the Dungeon
  8727 | D:10     | Reached ** piety under Beogh
  8828 | D:10     | Killed from afar by an orc priest

Illustrated notes

Levels and vault maps discovered:
D:1:      grunt_arrival_crossed_arrows, layout_basic,
          ebering_ecumenical_altar_ruins
D:2:      layout_basic, minmay_joined_circles
D:3:      layout_loops_corners, mainiacjoe_overflow_alcove_2
D:4:      layout_cave_pools
D:5:      layout_loops_ring, grunt_temple_overflow_cloverleaf, serial_shops,
          nicolae_shop_statue_plus, shop_statue, shop
D:6:      layout_loops_cross, serial_shops, nicolae_shop_advertising_works
          [nicolae_subvault_shop_adworks], nicolae_figureground_pulse
D:7:      gammafunk_cloud_chamber, layout_loops_ring,
          minmay_temple_entry_nine_rooms, minmay_stone_trees_small,
          minmay_holes, due_unseen_surprise
D:8:      layout_gridville, grunt_lair_entry_orc_guard_hut, serial_ice,
          serial_ice_o, serial_ice_n, serial_ice_i, serial_ice_a, serial_ice_m,
          serial_ice_d, minmay_misc_feat_secret_circle
D:9:      layout_roguey, kennysheep_little_box
D:10:     layout_basic, kennysheep_mini, david_orc_4, nicolae_benzene_ring
Lair:1:   minmay_lair_venomous_thicket, layout_chaotic_city, grunt_megastairs_2,
          uniq_amaemon

Skill      XL: |  1  2  3  4  5  6  7  8  9 10 |
---------------+-------------------------------+-----
Axes           | 3 4 6 7 9 11 13 15 | 15.8
Fighting       | 4 5 6 7 |  7.8
Armour         | 4 5 6 |  6.5
Dodging        | 1 2 3 5 |  5.8
Shields        | 4 5 8 |  8.1
Stealth        | |  0.3

Action                     |  1- 3 |  4- 6 |  7- 9 | 10-12 || total
---------------------------+-------+-------+-------+-------++-------
  Melee: War axe           |   113 |   195 |   334 |   254 ||   896
 Invoke: Convert to Beogh  |       |       |     1 |       ||     1
    Use: Potion            |       |     2 |     6 |     6 ||    14
         Scroll            |       |     6 |     3 |     5 ||    14
 Armour: Scale mail        |    70 |    98 |    62 |       ||   230
         Troll leather arm |       |       |    38 |    68 ||   106
  Dodge: Dodged            |    55 |    75 |    82 |   101 ||   313
  Block: Buckler           |    30 |    40 |       |       ||    70
         Kite shield       |       |    54 |   213 |   218 ||   485

Table legend: (Time is in decaauts)
 A = Elapsed time spent in this place.
 B = Non-inter-level travel time spent in this place.
 C = Inter-level travel time spent in this place.
 D = Time resting spent in this place.
 E = Time spent auto-exploring this place.
 F = Levels seen in this place.
 G = Mean time per level.
                   A        B        C        D        E       F      G
               +--------+--------+--------+--------+--------+-----+--------+
         Total |   8936 |   8671 |    265 |    654 |   5981 |  11 |  812.4 |
       Dungeon |   8857 |   8612 |    245 |    654 |   5964 |  10 |  885.7 |
          Lair |     79 |     59 |     20 |      0 |     17 |   1 |   79.0 |
               +--------+--------+--------+--------+--------+-----+--------+

Top non-repeatable levels by time:
     D:8: 1679 daAuts
     D:3: 1324 daAuts
     D:5: 1042 daAuts
     D:2: 869 daAuts
     D:6: 748 daAuts
     D:1: 732 daAuts
     D:7: 707 daAuts
     D:9: 655 daAuts
     D:4: 648 daAuts
    D:10: 449 daAuts
  Lair:1: 79 daAuts
